3AAA
AUSTIN BLACK MAMBAS @ MONONGAHELA MONSTERS
05/07/2042
 
TOP OF THE 1ST
Austin Black Mambas batting - Pitching for Monongahela Monsters : RHP Ean Somoza
Pitching: RHP Ean Somoza
Batting: RHB Kamakakoa Kaponianani 0-0: Called Strike
0-1: Foul Ball, location: 2F
0-2: Ground out 4-3 (Groundball, 4S, EV 65.6 MPH)
Batting: RHB Carlos Hernández 0-0: Foul Ball, location: 2F
0-1: Swinging Strike
0-2: Ball
1-2: Foul Ball, location: 2F
1-2: Ball
2-2: Strikes out looking
Batting: LHB José Vera 0-0: Called Strike
0-1: Ball
1-1: Ball
2-1: Ball
3-1: Base on Balls
Batting: RHB Cyrillo Watson 0-0: Swinging Strike
0-1: Ball
1-1: Ball
2-1: Ball
3-1: Called Strike
3-2: Base on Balls
José Vera to second
Batting: RHB Jason Portillo 0-0: Swinging Strike
0-1: Foul Ball, location: 2F
0-2: Strikes out swinging
Top of the 1st over - 0 runs, 0 hits, 0 errors, 2 left on base; Austin 0 - Monongahela 0
BOTTOM OF THE 1ST
Monongahela Monsters batting - Pitching for Austin Black Mambas : LHP Abdul-Nasir Rabah
Pitching: LHP Abdul-Nasir Rabah
Batting: RHB Colt Allen 0-0: Ball
1-0: Ball
2-0: Foul Ball, location: 2F
2-1: Ball
3-1: Base on Balls
Batting: RHB Román García 0-0: Called Strike
0-1: Ball
1-1: Ball
2-1: Ball
3-1: Base on Balls
Colt Allen to second
Batting: RHB Li-ren Ku 0-0: Swinging Strike
0-1: Ball
1-1: Called Strike
1-2: Ball
2-2: Foul Ball, location: 2F
2-2: Ball
3-2: Fly out, F9 (Line Drive, 9, EV 94.4 MPH)
Runner from 2nd tags up, SAFE at 3rd with throw by RF
Batting: RHB Richello Oliva 0-0: Called Strike
0-1: Ball
1-1: Foul Ball, location: 2F
1-2: Foul Ball, location: 2F
1-2: Foul Ball, location: 2F
1-2: Foul Ball, location: 2F
1-2: Foul Ball, location: 2F
1-2: Ball
2-2: SINGLE (Line Drive, 8LS, EV 92.5 MPH)
Colt Allen scores
Román García to second
Batting: RHB Roger Snodgrass 0-0: Ball
1-0: Grounds into double play, 3-6-3 (Groundball, 3, EV 85.0 MPH)
Bottom of the 1st over - 1 run, 1 hit, 0 errors, 1 left on base; Austin 0 - Monongahela 1
TOP OF THE 2ND
Austin Black Mambas batting - Pitching for Monongahela Monsters : RHP Ean Somoza
Batting: LHB Man-su Sin 0-0: Swinging Strike
0-1: Ball
1-1: Swinging Strike
1-2: Strikes out swinging
Batting: RHB Rick Pawlowicz 0-0: Ball
1-0: Called Strike
1-1: Called Strike
1-2: Strikes out swinging, 2-3 out at first.
Batting: RHB Doug Day 0-0: Called Strike
0-1: Ball
1-1: Foul Ball, location: 2F
1-2: Strikes out swinging
Top of the 2nd over - 0 runs, 0 hits, 0 errors, 0 left on base; Austin 0 - Monongahela 1
BOTTOM OF THE 2ND
Monongahela Monsters batting - Pitching for Austin Black Mambas : LHP Abdul-Nasir Rabah
Pitching: RHP Harvey Wyles
Batting: SHB Hélio Capriati 0-0: Ball
1-0: Ball
2-0: Called Strike
2-1: Fly out, F4 (Popup, 4, EV 51.2 MPH)
Batting: RHB Koi-sho Xú 0-0: Called Strike
0-1: Foul Ball, location: 2F
0-2: Fly out, F9 (Line Drive, 9, EV 95.6 MPH)
Batting: LHB Max Sinclair 0-0: Fly out, F8 (Line Drive, 8RM, EV 96.9 MPH)
Bottom of the 2nd over - 0 runs, 0 hits, 0 errors, 0 left on base; Austin 0 - Monongahela 1
TOP OF THE 3RD
Austin Black Mambas batting - Pitching for Monongahela Monsters : RHP Ean Somoza
Batting: RHB Francisco Ortíz 0-0: Foul Ball, location: 2F
0-1: Foul Ball, location: 2F
0-2: Strikes out swinging
Batting: RHB Kamakakoa Kaponianani 0-0: Ground out 6-3 (Groundball, 6, EV 84.4 MPH)
Batting: RHB Carlos Hernández 0-0: Ball
1-0: Swinging Strike
1-1: Swinging Strike
1-2: Ball
2-2: Ground out 4-3 (Groundball, 4, EV 100.6 MPH)
Top of the 3rd over - 0 runs, 0 hits, 0 errors, 0 left on base; Austin 0 - Monongahela 1
BOTTOM OF THE 3RD
Monongahela Monsters batting - Pitching for Austin Black Mambas : RHP Harvey Wyles
Batting: SHB Ron Carlisle 0-0: Called Strike
0-1: Swinging Strike
0-2: Ball
1-2: Ball
2-2: Foul Ball, location: 2F
2-2: Ball
3-2: Base on Balls
Batting: RHB Colt Allen 0-0: Called Strike
0-1: Swinging Strike
0-2: Foul Ball, location: 2F
0-2: Strikes out swinging
Batting: RHB Román García 0-0: Called Strike
0-1: Ball
1-1: Foul Ball, location: 2F
1-2: Foul Ball, location: 2F
1-2: Foul Ball, location: 2F
1-2: Strikes out swinging
Batting: RHB Li-ren Ku 0-0: Ball
1-0: Fly out, F9 (Flyball, 89M, EV 93.1 MPH)
Bottom of the 3rd over - 0 runs, 0 hits, 0 errors, 1 left on base; Austin 0 - Monongahela 1
TOP OF THE 4TH
Austin Black Mambas batting - Pitching for Monongahela Monsters : RHP Ean Somoza
Batting: LHB José Vera 0-0: Foul Ball, location: 2F
0-1: Swinging Strike
0-2: Ball
1-2: Strikes out swinging
Batting: RHB Cyrillo Watson 0-0: Swinging Strike
0-1: Swinging Strike
0-2: Foul Ball, location: 2F
0-2: Ball
1-2: Foul Ball, location: 2F
1-2: Strikes out looking
Batting: RHB Jason Portillo 0-0: Ball
1-0: Ball
2-0: DOUBLE (Flyball, 78XD, EV 95.0 MPH)
Batting: LHB Man-su Sin 0-0: Ball
1-0: Called Strike
1-1: Foul Ball, location: 2F
1-2: Ball
2-2: Ball
3-2: Strikes out swinging
Top of the 4th over - 0 runs, 1 hit, 0 errors, 1 left on base; Austin 0 - Monongahela 1
BOTTOM OF THE 4TH
Monongahela Monsters batting - Pitching for Austin Black Mambas : RHP Harvey Wyles
Batting: RHB Richello Oliva 0-0: Fly out, F8 (Flyball, 8LM, EV 77.5 MPH)
Batting: RHB Roger Snodgrass 0-0: Ball
1-0: Ball
2-0: Foul Ball, location: 2F
2-1: Foul Ball, location: 2F
2-2: SINGLE (Groundball, 3D, EV 103.1 MPH)
Batting: SHB Hélio Capriati 0-0: Ball
1-0: Ball
2-0: Called Strike
2-1: Swinging Strike
2-2: Foul Ball, location: 2F
2-2: 2-RUN HOME RUN (Flyball, 89XD, EV 98.1 MPH), Distance : 428 ft
Batting: RHB Koi-sho Xú 0-0: Foul Ball, location: 2F
0-1: Ball
1-1: Called Strike
1-2: Ball
2-2: Reached on error, E1 (Groundball, 25, EV 90.0 MPH)
Batting: LHB Max Sinclair 0-0: Ball
1-0: Called Strike
1-1: Fly out, F8 (Flyball, 8LM, EV 92.5 MPH)
Batting: SHB Ron Carlisle 0-0: Ball
1-0: Ball
2-0: SINGLE (Groundball, 6D, EV 99.4 MPH)
Koi-sho Xú to third
Runner from 3rd tries for Home, SAFE, throw by CF to home
Batting: RHB Colt Allen 0-0: Ball
1-0: Ball
2-0: DOUBLE (Line Drive, 3D, EV 98.8 MPH)
Ron Carlisle to third
Runner from 3rd tries for Home, SAFE, throw by RF to trailing runner, SAFE at third!
Batting: RHB Román García 0-0: Called Strike
0-1: Fly out, F8 (Flyball, 8LM, EV 83.8 MPH)
Bottom of the 4th over - 4 runs, 4 hits, 1 error, 1 left on base; Austin 0 - Monongahela 5
TOP OF THE 5TH
Austin Black Mambas batting - Pitching for Monongahela Monsters : RHP Ean Somoza
Batting: RHB Rick Pawlowicz 0-0: Called Strike
0-1: Fly out, F7 (Flyball, 78D, EV 98.1 MPH)
Batting: RHB Doug Day 0-0: Reached via error on a dropped throw from P, E3 (Groundball, 34S, EV 93.8 MPH)
Batting: RHB Francisco Ortíz 0-0: Ball
1-0: Ball
2-0: Ball
3-0: Base on Balls
Doug Day to second
Batting: RHB Kamakakoa Kaponianani 0-0: Foul Ball, location: 2F
0-1: Ball
1-1: Ball
2-1: Ball
3-1: Grounds into double play, 6-4-3 (Groundball, 6S, EV 83.1 MPH)
Top of the 5th over - 0 runs, 0 hits, 1 error, 1 left on base; Austin 0 - Monongahela 5
BOTTOM OF THE 5TH
Monongahela Monsters batting - Pitching for Austin Black Mambas : RHP Harvey Wyles
Batting: RHB Li-ren Ku 0-0: SINGLE (Groundball, 15S, EV 69.4 MPH) (infield hit)
Batting: RHB Richello Oliva 0-0: Foul Ball, location: 2F
Pickoff Throw to First - Error! E1
Li-ren Ku to second
0-1: Ball
1-1: Called Strike
1-2: Fly out, F8 (Flyball, 8RS, EV 81.9 MPH)
Batting: RHB Roger Snodgrass 0-0: Foul Ball, location: 2F
0-1: Ball
1-1: Ball
2-1: Ball
3-1: Called Strike
3-2: Base on Balls
Batting: SHB Hélio Capriati 0-0: Called Strike
Li-ren Ku steals 3rd base
Roger Snodgrass to second
0-1: Ground out 6-3 (Groundball, 56, EV 85.6 MPH)
Li-ren Ku scores
Batting: RHB Koi-sho Xú 0-0: Called Strike
0-1: Ball
1-1: Swinging Strike
1-2: Strikes out swinging
Bottom of the 5th over - 1 run, 1 hit, 1 error, 1 left on base; Austin 0 - Monongahela 6
TOP OF THE 6TH
Austin Black Mambas batting - Pitching for Monongahela Monsters : RHP Ean Somoza
Batting: RHB Carlos Hernández 0-0: Ball
1-0: Called Strike
1-1: Ground out 5-3 (Groundball, 5, EV 84.4 MPH)
Batting: LHB José Vera 0-0: Ball
1-0: Ball
2-0: Swinging Strike
2-1: Ball
3-1: SINGLE (Line Drive, 4MD, EV 103.8 MPH)
Batting: RHB Cyrillo Watson 0-0: Called Strike
0-1: Ball
1-1: Swinging Strike
1-2: Foul Ball, location: 2F
1-2: Strikes out swinging
Batting: RHB Jason Portillo 0-0: Swinging Strike
0-1: Swinging Strike
0-2: Ball
Wild Pitch!
José Vera to second
1-2: Strikes out swinging, 2-3 out at first.
Top of the 6th over - 0 runs, 1 hit, 0 errors, 1 left on base; Austin 0 - Monongahela 6
BOTTOM OF THE 6TH
Monongahela Monsters batting - Pitching for Austin Black Mambas : RHP Harvey Wyles
Batting: LHB Max Sinclair 0-0: Foul Ball, location: 2F
0-1: Ball
1-1: Foul Ball, location: 2F
1-2: Foul Ball, location: 2F
1-2: Strikes out swinging
Batting: SHB Ron Carlisle 0-0: Called Strike
0-1: Ground out 3-1 (Groundball, 34, EV 86.9 MPH)
Batting: RHB Colt Allen 0-0: Ball
1-0: Called Strike
1-1: Ball
2-1: SOLO HOME RUN (Flyball, 7LD, EV 94.4 MPH), Distance : 375 ft
Batting: RHB Román García 0-0: Ball
1-0: SINGLE (Line Drive, 56, EV 108.1 MPH)
Batting: RHB Li-ren Ku 0-0: Fly out, F9 (Line Drive, 9, EV 96.9 MPH)
Bottom of the 6th over - 1 run, 2 hits, 0 errors, 1 left on base; Austin 0 - Monongahela 7
TOP OF THE 7TH
Austin Black Mambas batting - Pitching for Monongahela Monsters : RHP Ean Somoza
Pitching: RHP Wesley Mason
Pinch Hitting: RHB Parker Truesdale 0-0: Ball
1-0: Ground out 4-3 (Groundball, 4, EV 81.2 MPH)
Pinch Hitting: RHB Bailey Gribbins 0-0: Ball
1-0: Ball
2-0: Ball
3-0: Called Strike
3-1: Base on Balls
Batting: RHB Doug Day 0-0: Ball
1-0: Swinging Strike
1-1: Called Strike
1-2: Ball
2-2: Ball
3-2: Base on Balls
Bailey Gribbins to second
Batting: RHB Francisco Ortíz 0-0: Ball
1-0: Called Strike
1-1: Ball
2-1: Foul Ball, location: 2F
2-2: Ball
3-2: Grounds into double play, 5-4-3 (Groundball, 5, EV 85.6 MPH)
Top of the 7th over - 0 runs, 0 hits, 0 errors, 1 left on base; Austin 0 - Monongahela 7
BOTTOM OF THE 7TH
Monongahela Monsters batting - Pitching for Austin Black Mambas : RHP Harvey Wyles
Now at 3B: Bailey Gribbins
Now in LF: Daniel Lindsey
Batting: RHB Richello Oliva 0-0: Ball
1-0: Ball
2-0: Called Strike
2-1: Ball
3-1: Base on Balls
Pinch Hitting: LHB Luis Escribano 0-0: Called Strike
0-1: Ball
1-1: Swinging Strike
1-2: Foul Ball, location: 2F
1-2: Strikes out looking
Pitching: LHP James Hall
Batting: SHB Hélio Capriati 0-0: Fly out, F7 (Flyball, 7S, EV 91.2 MPH)
Batting: RHB Koi-sho Xú 0-0: Ball
1-0: Ball
2-0: Ball
3-0: Base on Balls
Richello Oliva to second
Batting: LHB Max Sinclair 0-0: Foul Ball, location: 2F
0-1: Ball
1-1: Ball
2-1: Ball
3-1: Called Strike
3-2: Foul Ball, location: 2F
3-2: Fly out, F4 (Popup, 4, EV 58.8 MPH)
Bottom of the 7th over - 0 runs, 0 hits, 0 errors, 2 left on base; Austin 0 - Monongahela 7
TOP OF THE 8TH
Austin Black Mambas batting - Pitching for Monongahela Monsters : RHP Wesley Mason
Now at 3B: Hong-bo Zhui
Batting: RHB Kamakakoa Kaponianani 0-0: Ball
1-0: Foul Ball, location: 2F
1-1: Called Strike
1-2: Ground out 5-3 (Groundball, 56, EV 102.5 MPH)
Batting: RHB Carlos Hernández 0-0: Swinging Strike
0-1: Ball
1-1: Swinging Strike
1-2: Strikes out swinging
Batting: LHB José Vera 0-0: Called Strike
0-1: Swinging Strike
0-2: Ball
1-2: Strikes out swinging
Top of the 8th over - 0 runs, 0 hits, 0 errors, 0 left on base; Austin 0 - Monongahela 7
BOTTOM OF THE 8TH
Monongahela Monsters batting - Pitching for Austin Black Mambas : LHP James Hall
Batting: SHB Ron Carlisle 0-0: Foul Ball, location: 2F
0-1: Ball
1-1: Fly out, F7 (Line Drive, 7, EV 90.6 MPH)
Batting: RHB Colt Allen 0-0: Foul Ball, location: 2F
0-1: Ball
1-1: Ball
2-1: Ball
3-1: Base on Balls
Batting: RHB Román García 0-0: Ball
Colt Allen steals 2nd base
1-0: Ball
2-0: Called Strike
2-1: Foul Ball, location: 2F
2-2: Ball
3-2: Foul Ball, location: 2F
3-2: Base on Balls
Batting: RHB Li-ren Ku 0-0: DOUBLE (Flyball, 78XD, EV 86.9 MPH)
Colt Allen scores
Román García to third
Runner from 3rd tries for Home, SAFE, throw by LF to trailing runner, SAFE at third!
Batting: RHB Richello Oliva 0-0: Called Strike
0-1: Ground out U3 (Groundball, 3L, EV 83.1 MPH)
Batting: SHB Hong-bo Zhui 0-0: Ball
1-0: Ball
2-0: Ball
3-0: Called Strike
3-1: Foul Ball, location: 2F
3-2: Strikes out looking
Bottom of the 8th over - 2 runs, 1 hit, 0 errors, 1 left on base; Austin 0 - Monongahela 9
TOP OF THE 9TH
Austin Black Mambas batting - Pitching for Monongahela Monsters : RHP Wesley Mason
Batting: RHB Cyrillo Watson 0-0: Ball
1-0: Ground out 6-3 (Groundball, 6, EV 102.5 MPH)
Batting: RHB Jason Portillo 0-0: Ball
1-0: Foul Ball, location: 2F
1-1: Called Strike
1-2: Ball
2-2: Strikes out looking
Batting: RHB Daniel Lindsey 0-0: Ball
1-0: SINGLE (Line Drive, 4D, EV 98.8 MPH)
Batting: RHB Bailey Gribbins 0-0: Called Strike
0-1: Foul Ball, location: 2F
0-2: Ball
1-2: Strikes out looking
Top of the 9th over - 0 runs, 1 hit, 0 errors, 1 left on base; Austin 0 - Monongahela 9
Friday, March 26th, 2021 - OOTP Baseball 20.8 Build 74